 Dungeon Crawl Stone Soup version 0.30-b1-2-g02819fbbbe (webtiles) character file.

Game seed: 1778388217177713073

861 MajorAdolf the Sneak (level 8, -11/68 HPs)
             Began as a Naga Wanderer on Aug 30, 2023.
             Killed from afar by an acid dragon (19 damage)
             ... with a splash of acid
             ... on level 5 of the Dungeon.
             The game lasted 00:07:54 (4255 turns).

MajorAdolf the Sneak (Naga Wanderer)                Turns: 4255, Time: 00:07:55

Health: -11/68     AC:  5    Str: 14    XL:     8   Next: 2%
Magic:  12/13      EV: 10    Int: 19    God:
Gold:   262        SH: 12    Dex: 13    Spells: 6/13 levels left

rFire   . . .        j - +2 whip (elec)
rCold   . . .        w - +0 tower shield
rNeg    . . .        d - +0 leather armour
rPois   +            b - +0 helmet
rElec   .            h - +2 cloak
rCorr   .            m - +0 pair of gloves of Xotiajam {Int+6 SInv}
SInv    +            (no barding)
Will    ++...        (no amulet)
Stlth   +++          v - +5 ring of evasion
HPRegen 0.31/turn    i - ring "Hapateer" {+Blink Will+}
MPRegen 0.13/turn

%: no passive effects
@: corroded, very slow
A: AC +2, large, see invisible, deformed body, poison resistance, slowness 2,
spit poison 1, naga tail 1
a: Spit Poison, Evoke Blink


You were on level 5 of the Dungeon.
You visited 1 branch of the dungeon, and saw 5 of its levels.
You also visited: Sewer.

You collected 262 gold pieces.

Inventory:

Hand Weapons
 a - a +0 quarterstaff
 j - a +2 whip of electrocution (weapon)
 k - a +3 spear
Armour
 b - a +0 helmet (worn)
 d - a +0 leather armour (worn)
 h - a +2 cloak (worn)
 m - the +0 pair of gloves of Xotiajam (worn) {Int+6 SInv}
   (You acquired it on level 5 of the Dungeon)

   Int:       It affects your intelligence (+6).
   SInv:      It lets you see invisible.
 o - a +2 pair of gloves
 w - a +0 tower shield (worn)
Jewellery
 i - the ring "Hapateer" (right hand) {+Blink Will+}
   (You acquired it on level 5 of the Dungeon)

   [ring of willpower]

   +Blink:    It lets you blink.
   Will:      It increases your willpower.
 v - a +5 ring of evasion (left hand)
Scrolls
 c - 8 scrolls of teleportation
 e - a scroll of butterflies {unknown}
 f - a scroll of vulnerability
 n - a scroll of poison
 r - a scroll of amnesia {unknown}
 u - 2 scrolls of immolation
 y - a scroll of fog
 C - a scroll of blinking
 D - a scroll of enchant weapon {unknown}
 E - 2 scrolls of identify
 F - a scroll of brand weapon {unknown}
Potions
 g - 2 potions of degeneration {unknown}
 l - 2 potions of resistance {unknown}
 p - a potion of cancellation {unknown}
 q - a potion of might {unknown}
 s - a potion of brilliance {unknown}
 t - 5 potions of curing {unknown}
 x - 2 potions of magic {unknown}
 z - a potion of mutation {unknown}
 A - a potion of attraction {unknown}
 B - 4 potions of heal wounds


   Skills:
 + Level 2.6 Fighting
 + Level 3.0(3.1) Maces & Flails
 - Level 1.0(2.1) Staves
 - Level 1.0 Armour
 - Level 1.0 Dodging
 + Level 7.0 Stealth
 + Level 2.3 Shields
 + Level 3.3 Spellcasting
 + Level 2.6 Conjurations
 + Level 4.7 Earth Magic


You had 6 spell levels left.
You knew the following spells:

 Your Spells              Type           Power      Damage    Failure   Level
a - Sandblast             Erth           42%        2d11      41%         1
b - Stone Arrow           Conj/Erth      34%        3d9       90%         3
c - Ignite Poison         Fire/Tmut/Pois 3%         N/A       100%        3

Your spell library contained the following spells:

 Spells                   Type           Power      Damage    Failure   Level
 Kiss of Death            Conj/Necr      32%        2d7       88%         1
 Cigotuvi's Dreadful Rot  Necr/Pois/Air  6%         N/A       99%         2
 Confusing Touch          Hex            3%         N/A       100%        3
 Volatile Blastmotes      Fire/Tloc      6%         2d10      100%        3
 Animate Armour           Summ/Erth      24%        N/A       100%        4
 Dispel Undead            Necr           3%         3d7       100%        4
 Fulminant Prism          Conj/Hex       4%         3d5       100%        4
 Iskenderun's Mystic Bla  Conj/Tloc      8%         2d4       100%        4
 Freezing Cloud           Conj/Ice/Air   3%         6-21      100%        5
 Lee's Rapid Deconstruct  Erth           10%        3d8*      100%        5


Dungeon Overview and Level Annotations

Branches:
Dungeon (5/15)              Sewer (visited)
 Temple: D:4-7

Altars:
Wu Jian

Shops:
D:4 *


Innate Abilities, Weirdness & Mutations

Your serpentine skin is tough. (AC +2)
You have supernaturally acute eyesight. (SInv)
Armour fits poorly on your strangely shaped body.
Your system is resistant to poisons. (rPois)
You cover ground very slowly.
You can spit poison.
You have a snake-like lower body.


Message History

Your attacks no longer feel as feeble.
You block the gnoll bouda's attack.
You barely miss the gnoll bouda.
The gnoll bouda is severely wounded.
The gnoll bouda closely misses you.
You whack the gnoll bouda!
You kill the gnoll bouda!
The gnoll is no longer moving quickly.
You have reached level 8!
You feel clever.
You hit the gnoll. Lightning courses through the gnoll!
You kill the gnoll!
The gnoll is no longer moving quickly.
Unknown command.
You closely miss the acid dragon. The acid dragon bites you!
You block the acid dragon's attack.
You hit the acid dragon but do no damage.
Lightning courses through the acid dragon!!
The acid dragon is severely wounded.
The acid dragon spits acid at you. The splash of acid hits you!
* * * LOW HITPOINT WARNING * * *
The acid corrodes you! You block the acid dragon's attack. x2
You closely miss the acid dragon.
The acid dragon is severely wounded.
The acid dragon bites you but does no damage.
You block the acid dragon's attack.
Unknown command.
You closely miss the acid dragon.
The acid dragon is severely wounded.
You block the acid dragon's attack. The acid dragon claws you.
* * * LOW HITPOINT WARNING * * *
The acid dragon bites you.
* * * LOW HITPOINT WARNING * * *
You block the acid dragon's attack.
You barely miss the acid dragon.
The acid dragon is severely wounded.
The acid dragon spits acid at you. The splash of acid hits you!!
You die...

.... #....##
##..###.....##
#............#
#......$.....#
#.#.......h#.#
.......<.og#.#
......##.#o#.#
.###.#
#.#D#.######### ...
#.#@#.........# #.#
#.#.#########.######
... ..#.#
#............. #
..... ..#####.######
....# #.# .###
#.###### . #.......
.. ........ ########


You could see an acid dragon (catching breath), a hound, a gnoll and 2 orcs.

Vanquished Creatures
  Grinder (D:5)
  5 kobold brigands (Sewer)
  An orc priest (D:4)
  A gnoll bouda (D:5)
  An iguana (D:5)
  A sleepcap (D:5)
  4 gnolls
  7 adders
  2 river rats
  A worm (Sewer)
  A dart slug (D:1)
  6 orcs
  9 ball pythons
  5 endoplasms
  4 giant cockroaches
  3 goblins (D:2)
  6 hobgoblins
  2 jackals (D:1)
  11 kobolds
  5 quokkas
  7 bats
  3 frilled lizards
  2 rats
88 creatures vanquished.

Notes
Turn   | Place    | Note
-------+----------+-------------------------------------------
     0 | D:1      | MajorAdolf the Naga Wanderer began the quest for the Orb.
     0 | D:1      | MajorAdolf set off with the following items: a +0
                  | quarterstaff, a +0 helmet, a scroll of teleportation, a +0
                  | leather armour; and the following spell memorised:
                  | Sandblast; and the following spells available to memorise:
                  | Stone Arrow, Animate Armour.
     0 | D:1      | Reached XP level 1. HP: 15/15 MP: 2/2
   255 | D:1      | Reached XP level 2. HP: 22/22 MP: 3/3
   522 | D:1      | Reached skill level 5 in Stealth
   567 | D:1      | Reached XP level 3. HP: 26/28 MP: 5/5
   991 | D:2      | Reached skill level 1 in Maces & Flails
  1585 | D:3      | Reached XP level 4. HP: 36/36 MP: 6/6
  1593 | D:3      | Learned a level 3 spell: Stone Arrow
  2238 | D:4      | Reached XP level 5. HP: 43/43 MP: 8/8
  2418 | D:4      | Found an ornate altar of the Wu Jian Council.
  2437 | D:4      | Found Jearahoakk's Serpentskin Sales.
  2720 | D:4      | Reached skill level 1 in Conjurations
  3010 | D:4      | Learned a level 3 spell: Ignite Poison
  3030 | D:5      | Entered Level 5 of the Dungeon
  3030 | D:5      | Noticed Grinder
  3052 | D:5      | Identified 2 scrolls of acquirement
  3052 | D:5      | Acquired the ring "Hapateer" {+Blink Will+}
  3058 | D:5      | Acquired the +0 pair of gloves of Xotiajam {Int+6 SInv}
  3109 | D:5      | Reached skill level 1 in Fighting
  3109 | D:5      | Reached skill level 1 in Shields
  3243 | D:5      | Reached XP level 6. HP: 23/51 MP: 9/9
  3289 | D:5      | Found a glowing drain.
  3316 | Sewer    | Entered a sewer
  3336 | Sewer    | Reached skill level 6 in Stealth
  3496 | Sewer    | Reached XP level 7. HP: 38/58 MP: 11/11
  3918 | D:5      | Paralysed by Grinder for 5 turns
  4107 | D:5      | Killed Grinder
  4108 | D:5      | Reached skill level 7 in Stealth
  4250 | D:5      | Reached XP level 8. HP: 39/68 MP: 11/13
  4255 | D:5      | Killed from afar by an acid dragon

Illustrated notes

Levels and vault maps discovered:
D:1:      lightli_iron_boxes, layout_loops_cross, serial_glass, glass_columns_a,
          glass_columns_b, glass_columns_a, glass_columns_a, glass_columns_a,
          glass_columns_a
D:2:      layout_rooms
D:3:      layout_basic
D:4:      layout_loops_ring, nicolae_overflow_hidden_temple, guppyfry_shop_venom
D:5:      layout_loops_ring, gup_sewer_entry_bowl, serial_park_tiny_2,
          uniq_grinder

Skill      XL: |  1  2  3  4  5  6  7 |
---------------+----------------------+-----
Stealth        | 5 6 7 |  7.0
Maces & Flails | 1 2 3 |  3.0
Spellcasting   | 2 3 |  3.3
Conjurations   | 1 2 |  2.6
Fighting       | 1 2 |  2.6
Shields        | 1 2 |  2.3
Earth Magic    | 4 |  4.7
Staves         | |  1.0
Armour         | |  1.0
Dodging        | |  1.0

Action                     |  1- 3 |  4- 6 |  7- 9 || total
---------------------------+-------+-------+-------++-------
  Melee: Quarterstaff      |    18 |       |       ||    18
         Whip              |    80 |   161 |    74 ||   315
   Cast: Sandblast         |     1 |       |       ||     1
Ability: Spit Poison       |     3 |     3 |     1 ||     7
    Use: Scroll            |       |    10 |       ||    10
   Stab: Sleeping          |    10 |    12 |     1 ||    23
         Distracted        |       |     1 |       ||     1
 Armour: Leather armour    |    52 |    48 |    10 ||   110
  Dodge: Dodged            |    42 |    37 |    16 ||    95
  Block: Tower shield      |       |   100 |    32 ||   132
